cohdb
Replays
Latest Replays
All Replays
Popular Replays
Top Player Replays
Match Explorer
How It Works
Community
CoH3 Stats
Reddit
Sign in to upload your games and track your stats! →
Sign in with Steam
Match 43605586
Unlisted
Match 43605586
Overview
Messages
Build Orders
End
Kradschützen Motorcycle Team
Selects Panzerjäger Kommand Battlegroup
Selects Mine Fields
Panzergrenadier Squad
Panzergrenadier Squad
Panzergrenadier Squad
Construct Light Support Kompanie
Fire Support Elements
Panzerjäger Mechanized Group
Flakvierling Half-track
le.IG 18 Support Gun Team
AdmiralAmerica
Mithers
DrewP
Dillbro
0
0
Comments
sign in to comment!
No comments posted yet!